 Seeded DCSS version 0.30-a0-250-g41c1d76940 (webtiles) character file.

Game seed: 11836800648259413034 (custom seed)

471 hikkokomori the Grasshopper (level 7, -22/56 HPs)
             Began as a Gnoll Warper on Oct 13, 2022.
             Killed from afar by Dowan (27 damage)
             ... with a shard of ice
             ... on level 4 of the Dungeon.
             The game lasted 00:08:50 (2469 turns).

hikkokomori the Grasshopper (Gnoll Warper)          Turns: 2469, Time: 00:08:51

Health: -22/56     AC:  9    Str: 14    XL:     7   Next: 9%
Magic:  15/15      EV: 13    Int: 13    God:
Gold:   2311       SH:  0    Dex: 11    Spells: 15/17 levels left

rFire   + + .      SeeInvis .    a - +0 falchion
rCold   x . .      Faith    .    (no shield)
rNeg    . . .      Spirit   .    b - +0 leather armour
rPois   +          Reflect  .    (no helmet)
rElec   .          Harm     .    i - +0 cloak
rCorr   +          Rampage  .    n - +0 pair of gloves
Will    .....                    (no boots)
Stlth   +.........               j - amulet of the Princess {rPois rF++ rC- Regen+ Str+2}
HPRegen 1.09/turn                l - +4 ring of protection
MPRegen 0.14/turn                s - ring of resist corrosion

@: lit by a corona, on berserk cooldown, slowed, glowing, very slow
A: fangs 1, strong nose, distributed training
a: no special abilities


You were on level 4 of the Dungeon.
You visited 1 branch of the dungeon, and saw 4 of its levels.
You also visited: Sewer.

You collected 2311 gold pieces.

Inventory:

Hand Weapons
 a - a +0 falchion (weapon)
Missiles
 d - 7 boomerangs of dispersal (quivered)
 q - 2 boomerangs
Armour
 b - a +0 leather armour (worn)
 g - a +0 buckler
 i - a +0 cloak (worn)
 n - a +0 pair of gloves (worn)
 r - the +1 robe of Action {-Cast rF+ Str+7}
   (You found it on level 3 of the Dungeon)

   Str:       It affects your strength (+7).
   rF:        It protects you from fire.
   -Cast:     It prevents spellcasting.
Jewellery
 j - the amulet of the Princess (around neck) {rPois rF++ rC- Regen+ Str+2}
   (You acquired it on level 1 of the Dungeon)

   [amulet of regeneration]

   Str:       It affects your strength (+2).
   rF:        It greatly protects you from fire.
   rC:        It makes you vulnerable to cold.
   rPois:     It protects you from poison.
   Regen:     It increases your rate of health regeneration.
 l - a +4 ring of protection (left hand)
 s - a ring of resist corrosion (right hand)
Scrolls
 c - a scroll of blinking
 m - a scroll of teleportation {unknown}
 p - 2 scrolls of enchant weapon {unknown}
Potions
 e - a potion of flight {unknown}
 f - 3 potions of brilliance {unknown}
 h - 3 potions of heal wounds {unknown}
 k - a potion of curing {unknown}
 o - a potion of might {unknown}
 u - a potion of haste {unknown}
 v - a potion of lignification {unknown}


   Skills:
 + Level 5.2 Fighting
 + Level 2.3 Short Blades
 + Level 5.2 Long Blades
 + Level 2.3 Axes
 + Level 2.3 Maces & Flails
 + Level 2.3 Polearms
 + Level 2.3 Staves
 + Level 2.3 Ranged Weapons
 + Level 3.5 Throwing
 + Level 3.5 Armour
 + Level 5.2 Dodging
 + Level 2.3 Stealth
 + Level 2.3 Shields
 + Level 2.3 Unarmed Combat
 + Level 5.5 Spellcasting
 + Level 1.9 Conjurations
 + Level 1.9 Hexes
 + Level 1.9 Summonings
 + Level 1.9 Necromancy
 + Level 5.8 Translocations
 + Level 1.9 Transmutations
 + Level 1.9 Fire Magic
 + Level 1.9 Ice Magic
 + Level 1.9 Air Magic
 + Level 1.9 Earth Magic
 + Level 1.9 Poison Magic
 + Level 2.6 Invocations
 + Level 2.3 Evocations


You had 15 spell levels left.
You knew the following spells:

 Your Spells              Type           Power      Damage    Failure   Level
a - Blink                 Tloc           36%        N/A       3%          2

Your spell library contained the following spells:

 Spells                   Type           Power      Damage    Failure   Level
 Lesser Beckoning         Tloc           36%        N/A       6%          3
 Teleport Other           Tloc           18%        N/A       6%          3
 Vhi's Electric Charge    Tloc/Air       26%        N/A       13%         3
 Static Discharge         Conj/Air       16%        2-3/arc   16%         2
 Sublimation of Blood     Necr           8%         N/A       16%         2
 Manifold Assault         Tloc           18%        N/A       21%         4
 Petrify                  Tmut/Erth      8%         N/A       69%         4
 Arcjolt                  Conj/Air       4%         1d14      95%         5
 Irradiate                Conj/Tmut      4%         3d13      95%         5
 Lightning Bolt           Conj/Air       4%         1d15      95%         5


Dungeon Overview and Level Annotations

Branches:
Dungeon (4/15)              Sewer (visited)
 Temple: D:4-7

Altars:
Gozag
Makhleb

Annotations:
D:4 Dowan


Innate Abilities, Weirdness & Mutations

You have very sharp teeth.
Your uncanny sense of smell can sniff out nearby items.
Your experience applies equally to all skills.


Message History

You barely miss Dowan.
Dowan is moderately wounded.
Dowan closely misses you.
Unknown command.
You slash Dowan! Your bite misses Dowan.
Dowan is severely wounded.
Dowan mumbles some strange words.
Dowan blinks!
Unknown command.
You feel a strong urge to attack something.
Dowan points at you and mumbles some strange words.
The shard of ice misses you.
You are no longer berserk.
You are exhausted.
You feel yourself slow down. Dowan casts a spell at you.
The stone arrow misses you. Dowan completely misses you.
You barely miss Dowan. Your bite misses Dowan.
Dowan is severely wounded.
Dowan hits you but does no damage. Dowan hits you with a +0 dagger.
Dowan gestures wildly while chanting.
Dowan blinks!
Unknown command.
Dowan points at you and mumbles some strange words.
The shard of ice hits you!!
You feel a painful chill!
Dowan points at you and mumbles some strange words.
The stone arrow hits you!
* * * LOW HITPOINT WARNING * * *
Unknown command.
You hit Dowan.
Dowan is almost dead.
Dowan casts a spell.
Dowan blinks!
Dowan casts a spell at you. The stone arrow hits you!
* * * LOW HITPOINT WARNING * * *
Dowan casts a spell at you. The shard of ice hits you!!
You feel a painful chill!
You die...

.....#.....##.....####
#.....#<....##.....#
#.....##....##.....#
#...........########
#...........#
#......(....# ####
#......... #...
##################.
#.##
#..).......@..e..#
#.##############.#
#.###########
#.....†......
#############


You could see Dowan (fast).

Vanquished Creatures
  Duvessa (D:4)
  Pargi (Sewer)
  A necrophage (D:4)
  A jelly (D:4)
  Robin (D:2)
  4 gnolls (D:4)
  4 adders
  An ufetubus (D:4)
  A worm (D:2)
  2 dart slugs
  3 orcs (D:4)
  2 endoplasms
  A giant cockroach (D:1)
  14 goblins
  7 hobgoblins
  A quokka (D:1)
  9 ball pythons
  15 bats
  2 frilled lizards (D:1)
  4 kobolds
  14 rats
89 creatures vanquished.

Vanquished Creatures (others)
  An endoplasm (D:4)
1 creature vanquished.

Grand Total: 90 creatures vanquished

Notes
Turn   | Place    | Note
-------+----------+-------------------------------------------
     0 | D:1      | hikkokomori the Gnoll Warper began the quest for the Orb.
     0 | D:1      | Reached XP level 1. HP: 20/20 MP: 6/6
   110 | D:1      | Reached XP level 2. HP: 25/26 MP: 7/7
   173 | D:1      | Identified 3 scrolls of acquirement
   173 | D:1      | Acquired 755 gold pieces
   174 | D:1      | Acquired 1294 gold pieces
   175 | D:1      | Acquired the amulet of the Princess {rPois rF++ rC- Regen+
                  | Str+2}
   229 | D:1      | Learned a level 2 spell: Blink
   405 | D:1      | Reached skill level 5 in Spellcasting
   405 | D:1      | Reached XP level 3. HP: 30/31 MP: 7/9
   436 | D:1      | Found a faded altar of an unknown god.
   647 | D:2      | Noticed Robin
   867 | D:1      | Reached skill level 1 in Invocations
  1029 | D:2      | Reached skill level 1 in Short Blades
  1029 | D:2      | Reached skill level 1 in Axes
  1029 | D:2      | Reached skill level 1 in Maces & Flails
  1029 | D:2      | Reached skill level 1 in Polearms
  1029 | D:2      | Reached skill level 1 in Staves
  1029 | D:2      | Reached skill level 1 in Ranged Weapons
  1029 | D:2      | Reached skill level 1 in Stealth
  1029 | D:2      | Reached skill level 1 in Shields
  1029 | D:2      | Reached skill level 1 in Unarmed Combat
  1029 | D:2      | Reached skill level 1 in Evocations
  1103 | D:2      | Reached XP level 4. HP: 37/37 MP: 11/11
  1212 | D:2      | Reached skill level 1 in Conjurations
  1212 | D:2      | Reached skill level 1 in Hexes
  1212 | D:2      | Reached skill level 1 in Summonings
  1212 | D:2      | Reached skill level 1 in Necromancy
  1212 | D:2      | Reached skill level 1 in Transmutations
  1212 | D:2      | Reached skill level 1 in Fire Magic
  1212 | D:2      | Reached skill level 1 in Ice Magic
  1212 | D:2      | Reached skill level 1 in Air Magic
  1212 | D:2      | Reached skill level 1 in Earth Magic
  1212 | D:2      | Reached skill level 1 in Poison Magic
  1242 | D:2      | Killed Robin
  1596 | D:3      | Identified the +1 robe of Action {-Cast rF+ Str+7}
  1679 | D:3      | Found a burning altar of Makhleb.
  1810 | D:4      | Found an opulent altar of Gozag.
  1822 | D:4      | Reached XP level 5. HP: 43/43 MP: 12/12
  1906 | D:4      | Found a glowing drain.
  1948 | Sewer    | Entered a sewer
  1996 | Sewer    | Noticed Pargi
  2019 | Sewer    | Killed Pargi
  2020 | Sewer    | Reached XP level 6. HP: 39/50 MP: 14/14
  2152 | D:4      | Reached skill level 5 in Fighting
  2152 | D:4      | Reached skill level 5 in Long Blades
  2152 | D:4      | Reached skill level 5 in Dodging
  2445 | D:4      | Noticed Duvessa
  2446 | D:4      | Noticed Dowan
  2456 | D:4      | Killed Duvessa
  2457 | D:4      | Reached XP level 7. HP: 47/56 MP: 15/15
  2469 | D:4      | Killed from afar by Dowan

Illustrated notes

Levels and vault maps discovered:
D:1:      minmay_arrival_nine_rooms, layout_rooms,
          dreamdust_ecumenical_altar_hidden_monk_grotto
D:2:      layout_loops_ring, minmay_strange_pillars, uniq_robin
D:3:      layout_basic, lightli_temple_of_fire
D:4:      layout_basic, mainiacjoe_overflow_cross_hatched, portal_sewer_entry_e,
          uniq_duvessa

Skill      XL: |  1  2  3  4  5  6 |
---------------+-------------------+-----
Spellcasting   | 5 |  5.5
Invocations    | 1 2 |  2.6
Short Blades   | 1 2 |  2.3
Axes           | 1 2 |  2.3
Maces & Flails | 1 2 |  2.3
Polearms       | 1 2 |  2.3
Staves         | 1 2 |  2.3
Ranged Weapons | 1 2 |  2.3
Stealth        | 1 2 |  2.3
Shields        | 1 2 |  2.3
Unarmed Combat | 1 2 |  2.3
Evocations     | 1 2 |  2.3
Conjurations   | 1 |  1.9
Hexes          | 1 |  1.9
Summonings     | 1 |  1.9
Necromancy     | 1 |  1.9
Transmutations | 1 |  1.9
Fire Magic     | 1 |  1.9
Ice Magic      | 1 |  1.9
Air Magic      | 1 |  1.9
Earth Magic    | 1 |  1.9
Poison Magic   | 1 |  1.9
Throwing       | 3 |  3.5
Armour         | 3 |  3.5
Fighting       | 5 |  5.2
Long Blades    | 5 |  5.2
Dodging        | 5 |  5.2
Translocations | |  5.8

Action                   |  1- 3 |  4- 6 |  7- 9 || total
-------------------------+-------+-------+-------++-------
Melee: Falchion          |   153 |   217 |     6 ||   376
       Bite              |    15 |    19 |       ||    34
       Punch             |     2 |     2 |       ||     4
 Cast: Blink             |     2 |     1 |       ||     3
  Use: Scroll            |     3 |       |       ||     3
       Potion            |       |     1 |       ||     1
 Stab: Sleeping          |     2 |     2 |       ||     4
Armor: Leather armour    |    45 |   154 |     1 ||   200
Dodge: Dodged            |   129 |   245 |     6 ||   380

Table legend: (Time is in decaauts)
 A = Elapsed time spent in this place.
 B = Non-inter-level travel time spent in this place.
 C = Inter-level travel time spent in this place.
 D = Time resting spent in this place.
 E = Time spent auto-exploring this place.
 F = Levels seen in this place.
 G = Mean time per level.
                   A        B        C        D        E       F      G
               +--------+--------+--------+--------+--------+-----+--------+
         Total |   2496 |   2371 |    125 |      0 |   1361 |   5 |  499.2 |
       Dungeon |   2375 |   2250 |    125 |      0 |   1353 |   4 |  593.8 |
         Sewer |    120 |    120 |      0 |      0 |      8 |   1 |  120.0 |
               +--------+--------+--------+--------+--------+-----+--------+

Top non-repeatable levels by time:
     D:2: 774 daAuts
     D:1: 710 daAuts
     D:4: 623 daAuts
     D:3: 267 daAuts
   Sewer: 120 daAuts
